Map: Data-C

Players

Harstem

  • Race: Protoss Protoss
  • League: Master
  • Spawn Location: 9:00

Geralt (Gerald) - Winner!

  • Race: Protoss Protoss
  • League: Master
  • Spawn Location: 3:00

Event: HomeStory Cup XXII

VOD

Have the link to the VOD?

Description

Time

  • Played on: Dec. 15, 2022, 12:43 p.m.
  • Length: 25:13

All games in this series

Show
View Real Time Build Order
Export as new Build Order

Harstem Protoss 

Build Orders: Phoenix Opening 

Get SALT Encoding   

  12  0:00  Probe  
  13  0:12  Probe  
  14  0:17  Pylon  
  14  0:24  Probe (Chrono Boost)  
  15  0:36  Gateway, Probe (Chrono Boost)  
  16  0:44  Probe (Chrono Boost)  
  16  0:48  Assimilator  
  17  0:51  Probe  
  17  0:55  Assimilator  
  18  1:03  Probe (Chrono Boost)  
  19  1:07  Gateway  
  20  1:12  Probe (Chrono Boost)  
  20  1:17  Probe (Chrono Boost)  
  20  1:24  Cybernetics Core  
  21  1:29  Probe  
  22  1:37  Pylon  
  22  1:41  Probe  
  23  1:55  Probe  
  23  1:57  Warp Gate (Chrono Boost)  
  28  2:01  Sentry  
  28  2:13  Probe  
  29  2:18  Nexus  
  27  2:25  Stalker  
  29  2:36  Phoenix, Pylon  
  29  2:41  Stalker  
  31  2:54  Probe  
  31  2:55  Stalker  
  34  2:59  Shield Battery  
  34  3:06  Probe  
  35  3:18  Probe (Chrono Boost)  
  34  3:30  Twilight Council, Probe (Chrono Boost)  
  36  3:37  Probe (Chrono Boost)  
  36  3:38  Probe (Chrono Boost)  
  36  3:40  Stalker  
  39  3:41  Stalker  
  39  3:43  Probe  
  39  3:44  Probe  
  43  3:55  Probe  
  43  3:56  Probe  
  42  4:03  Stalker  
  42  4:08  Probe (Chrono Boost)  
  42  4:09  Phoenix  
  40  4:10  Probe (Chrono Boost)  
  40  4:12  Blink (Chrono Boost)  
  37  4:20  Probe (Chrono Boost)  
  37  4:22  Probe (Chrono Boost)  
  39  4:26  Probe (Chrono Boost)  
  39  4:27  Probe (Chrono Boost)  
  41  4:34  Probe  
  41  4:37  Probe, Stalker  
  45  4:39  Stalker  
  47  4:46  Probe  
  47  4:47  Pylon  
  47  4:49  Probe  
  49  4:58  Probe  
  47  5:01  Probe  
  45  5:07  Stalker x2  
  45  5:10  Probe  
  45  5:13  Probe  
  50  5:21  Robotics Facility  
  50  5:22  Probe  
  50  5:25  Probe  
  52  5:32  Stalker  
  52  5:34  Probe  
  52  5:35  Stalker  
  57  5:37  Probe  
  58  5:43  Pylon  
  58  5:46  Probe  
  58  5:48  Phoenix  
  58  5:49  Probe  
  60  6:05  Nexus  
  60  6:06  Probe  
  60  6:10  Shield Battery, Observer (Chrono Boost), Probe  
  63  6:17  Pylon  
  63  6:18  Probe  
  63  6:21  Stalker  
  63  6:23  Probe  
  67  6:31  Stalker  
  69  6:35  Probe (Chrono Boost)  
  69  6:36  Probe (Chrono Boost)  
  69  6:38  Pylon  
  71  6:41  Forge  
  73  6:47  Probe (Chrono Boost), Stalker  
  73  6:48  Probe (Chrono Boost)  
  73  6:50  Assimilator  
  73  6:52  Probe (Chrono Boost)  
  73  6:53  Probe (Chrono Boost)  
  76  6:58  Charge  
  77  7:01  Probe  
  77  7:03  Probe  
  79  7:10  Observer  
  79  7:11  Protoss Ground Weapons Level 1 (Chrono Boost), Stalker x2  
  79  7:13  Probe  
  79  7:15  Probe  
  86  7:17  Probe  
  86  7:18  Pylon  
  87  7:25  Probe  
  87  7:27  Gateway  
  88  7:31  Probe  
  88  7:32  Gateway  
  88  7:33  Probe  
  90  7:39  Probe  
  90  7:41  Stalker x2  
  90  7:43  Probe  
  96  7:45  Probe  
  97  7:52  Probe  
  97  7:56  Observer  
  97  7:57  Nexus, Probe  
  97  7:58  Pylon  
  99  8:03  Probe  
  100  8:06  Probe  
  100  8:07  Pylon  
  100  8:10  Gateway  
  100  8:12  Gateway  
  101  8:13  Stalker x2  
  101  8:19  Nexus  
  105  8:24  Probe x2  
  105  8:28  Gateway, Stalker  
  105  8:29  Observer  
  105  8:30  Gateway  
  107  8:34  Pylon  
  107  8:35  Probe  
  107  8:37  Probe  
  107  8:39  Probe  
  107  8:40  Warp Prism (Chrono Boost)  
  110  8:42  Dark Shrine  
  110  8:46  Stalker  
  110  8:47  Probe  
  115  8:49  Probe  
  115  8:51  Probe  
  116  8:59  Probe  
  116  9:01  Probe  
  116  9:02  Shield Battery  
  118  9:03  Stalker x3  
  118  9:07  Pylon  
  118  9:09  Observer  
  125  9:16  Pylon  
  125  9:21  Pylon  
  125  9:23  Photon Cannon  
  125  9:25  Photon Cannon  
  125  9:27  Photon Cannon  
  125  9:30  Pylon  
  125  9:31  Probe x2  
  127  9:35  Protoss Ground Weapons Level 2 (Chrono Boost)  
  127  9:37  Zealot x2  
  131  9:42  Probe  
  131  9:44  Probe, Stalker  
  131  9:45  Observer  
  135  9:51  Pylon  
  135  9:57  Nexus  
  135  9:59  Observer  
  135  10:00  Dark Templar x2  
  135  10:03  Zealot, Dark Templar  
  143  10:11  Zealot x4  
  151  10:14  Pylon  
  151  10:16  Probe  
  151  10:17  Forge  
  152  10:30  Zealot, Probe  
  152  10:31  Probe  
  152  10:34  Gateway  
  152  10:37  Gateway  
  152  10:38  Gateway  
  152  10:39  Probe  
  152  10:40  Zealot x3, Dark Templar  
  152  10:41  Zealot x2  
  163  10:47  Probe  
  163  10:49  Probe  
  165  10:53  Protoss Ground Armor Level 1 (Chrono Boost)  
  165  10:54  Probe  
  165  10:55  Probe  
  159  11:00  Probe  
  159  11:01  Probe (Chrono Boost)  
  155  11:05  Gateway  
  155  11:06  Photon Cannon  
  155  11:08  Shield Battery, Gateway x2, Stalker x3  
  155  11:10  Zealot, Photon Cannon  
  161  11:12  Probe (Chrono Boost)  
  161  11:13  Pylon  
  160  11:32  Stalker x4  
  142  11:33  Stalker x3  
  142  11:35  Zealot x4  
  142  11:39  Assimilator  
  156  11:43  Assimilator  
  156  11:48  Photon Cannon  
  156  11:49  Pylon  
  156  11:56  Zealot x4, Dark Templar  
  156  11:59  Nexus  
  166  12:01  Zealot, Stalker x2  
  166  12:02  Zealot x2  
  167  12:12  Probe  
  167  12:13  Zealot x4  
  173  12:16  Protoss Ground Weapons Level 3 (Chrono Boost)  
  173  12:18  Warp Prism (Chrono Boost)  
  173  12:19  Zealot x3  
  173  12:20  Zealot  
  176  12:22  Probe  
  176  12:25  Pylon  
  176  12:29  Assimilator  
  172  12:32  Zealot x4  
  172  12:33  Dark Templar  
  178  12:42  Zealot x5  
  184  12:49  Protoss Shields Level 1 (Chrono Boost)  
  184  12:50  Stalker x4  
  182  13:01  Probe  
  182  13:04  Probe x2  
  177  13:06  Photon Cannon  
  177  13:08  Photon Cannon  
  177  13:10  Photon Cannon  
  177  13:11  Observer (Chrono Boost)  
  178  13:13  Assimilator  
  160  13:35  Stalker x9  
  166  13:42  Zealot x5  
  166  13:44  Immortal (Chrono Boost)  
  170  13:50  Probe  
  170  13:53  Probe  
  168  13:58  Pylon  
  168  13:59  Zealot x3  
  168  14:00  Dark Templar  
  168  14:01  Shield Battery  
  176  14:06  Probe  
  176  14:09  Robotics Bay  
  177  14:13  Zealot x10, Robotics Facility  
  187  14:26  Stalker x3  
  187  14:28  Observer  
  187  14:34  Stalker x5  
  187  14:36  Zealot x5  
  199  14:40  Stalker  
  173  14:52  Stalker x3  
  163  15:02  Zealot x5  
  163  15:03  Zealot x2, Dark Templar x2  
  163  15:04  Zealot x2  
  173  15:10  Pylon  
  139  15:22  Stalker x3  
  139  15:24  Stalker x3  
  139  15:25  Zealot x6  
  151  15:32  Disruptor (Chrono Boost)  
  143  15:39  Stalker x2  
  150  15:51  Zealot x4, Stalker x2  
  150  15:52  Stalker x3  
  150  15:54  Observer  
  150  15:55  Probe  
  169  15:58  Zealot x3  
  175  16:11  Nexus, Dark Templar x2  
  175  16:13  Zealot x4  
  185  16:19  Pylon  
  185  16:23  Assimilator  
  181  16:27  Assimilator  
  181  16:30  Disruptor x2  
  181  16:39  Zealot x12  
  187  16:48  Protoss Ground Armor Level 2  
  187  16:50  Probe  
  174  16:56  Zealot x2  
  162  17:03  Stalker x2  
  162  17:05  Disruptor  
  158  17:09  Zealot x9  
  158  17:13  Stalker  
  171  17:18  Stalker x2  
  166  17:31  Zealot  
  166  17:32  Zealot x10  
  167  17:51  Stalker x3  
  159  17:52  Stalker  
  159  17:55  Nexus  
  155  18:04  Stalker x4  
  162  18:07  Nexus  
  162  18:19  Zealot x5  
  172  18:20  Zealot x4  
  172  18:22  Observer (Chrono Boost)  
  180  18:29  Observer (Chrono Boost)  
  173  18:45  Stalker x5  
  164  18:58  Nexus  
  153  19:03  Zealot, Stalker x3  
  153  19:04  Zealot x4  
  148  19:14  Observer  
  144  19:17  Zealot  
  144  19:23  Probe  
  147  19:29  Zealot x7  
  159  19:41  Observer  
  148  19:47  Stalker x3  
  149  19:54  Observer  
  145  20:09  Disruptor  
  145  20:12  Pylon  
  138  20:25  Zealot x6  
  140  20:37  Disruptor  
  140  20:49  Zealot x9  
  154  20:50  Zealot  
  154  21:07  Zealot, Stalker x3  
  154  21:09  Disruptor  
  157  21:11  Assimilator  
  153  21:22  Zealot x3  
  153  21:23  Zealot  
  145  21:36  Zealot x4  
  147  21:49  Observer (Chrono Boost)  
  147  21:53  Stalker x3  
  151  21:56  Observer  
  150  22:15  Shield Battery, Photon Cannon  
  103  22:37  Zealot x10  
  123  22:45  Probe  
  123  22:46  Probe  
  123  22:47  Probe  
  96  23:23  Zealot x5  
  96  23:24  Zealot x2  
  83  23:51  Zealot x5  
  85  23:58  Observer  
  85  24:00  Pylon  
  79  24:20  Zealot  
  79  24:21  Zealot x4  
  83  24:27  Probe  
  83  24:30  Observer  
Show
View Real Time Build Order
Export as new Build Order

Geralt Protoss - Winner!

Build Orders: Oracle Opening 

Get SALT Encoding   

  12  0:00  Probe  
  13  0:12  Probe  
  14  0:18  Pylon  
  14  0:24  Probe (Chrono Boost)  
  15  0:35  Probe (Chrono Boost)  
  15  0:38  Gateway  
  16  0:43  Probe  
  17  0:50  Assimilator  
  17  0:55  Probe (Chrono Boost)  
  18  0:57  Assimilator  
  18  1:07  Probe (Chrono Boost)  
  19  1:12  Gateway  
  19  1:15  Probe (Chrono Boost)  
  20  1:22  Probe  
  21  1:27  Cybernetics Core  
  21  1:34  Probe  
  21  1:38  Pylon  
  22  1:46  Probe  
  23  1:59  Probe  
  24  2:04  Stalker x2  
  24  2:07  Warp Gate  
  28  2:11  Probe  
  29  2:16  Pylon  
  29  2:23  Probe  
  30  2:31  Stargate  
  30  2:40  Adept  
  30  2:41  Adept  
  33  2:45  Probe  
  34  3:00  Probe  
  35  3:14  Oracle (Chrono Boost)  
  36  3:22  Nexus  
  36  3:25  Probe  
  37  3:35  Pylon  
  37  3:42  Probe  
  37  3:47  Twilight Council  
  38  3:54  Oracle  
  39  4:11  Probe  
  38  4:17  Adept  
  38  4:18  Adept  
  38  4:21  Shield Battery  
  38  4:23  Probe  
  43  4:25  Blink (Chrono Boost)  
  43  4:30  Gateway  
  43  4:36  Probe x2  
  45  4:48  Probe x2  
  47  5:00  Probe  
  43  5:07  Probe  
  43  5:09  Stalker x2  
  43  5:12  Probe  
  47  5:15  Gateway  
  47  5:16  Assimilator  
  47  5:17  Pylon  
  47  5:19  Probe  
  48  5:24  Probe, Stalker  
  51  5:31  Probe  
  51  5:32  Stalker x2  
  56  5:37  Probe  
  57  5:44  Nexus  
  57  5:48  Stalker  
  57  5:49  Probe  
  60  6:03  Pylon  
  60  6:04  Stalker x2  
  62  6:06  Probe  
  65  6:12  Probe  
  65  6:13  Robotics Facility  
  65  6:15  Stalker  
  68  6:22  Shield Battery  
  68  6:30  Stalker x3  
  68  6:31  Probe  
  75  6:34  Probe  
  76  6:43  Probe  
  76  6:44  Forge  
  76  6:46  Probe  
  78  6:55  Stalker  
  78  6:56  Probe, Stalker  
  78  6:58  Probe, Stalker  
  78  7:00  Probe  
  87  7:03  Observer (Chrono Boost)  
  87  7:04  Stalker  
  87  7:08  Probe  
  91  7:10  Probe  
  91  7:12  Probe  
  93  7:15  Gateway  
  93  7:16  Pylon  
  93  7:20  Protoss Ground Weapons Level 1 (Chrono Boost)  
  93  7:24  Assimilator  
  93  7:34  Probe  
  93  7:35  Observer  
  95  7:40  Probe  
  95  7:42  Stalker  
  95  7:43  Stalker x2  
  100  7:46  Probe  
  100  7:47  Assimilator  
  101  7:57  Gateway  
  101  7:58  Pylon  
  101  8:00  Gateway, Pylon  
  101  8:02  Robotics Bay  
  101  8:06  Assimilator  
  101  8:11  Nexus  
  101  8:16  Probe x3  
  101  8:26  Stalker x5  
  109  8:28  Probe x3  
  112  8:35  Robotics Facility  
  112  8:37  Pylon  
  112  8:39  Shield Battery  
  112  8:40  Probe  
  113  8:43  Pylon  
  113  8:45  Probe  
  113  8:48  Probe  
  115  8:51  Disruptor (Chrono Boost)  
  118  8:56  Probe  
  118  8:58  Photon Cannon  
  118  8:59  Shield Battery, Observer  
  118  9:01  Pylon  
  119  9:03  Probe  
  120  9:12  Probe  
  120  9:13  Gravitic Boosters, Observer  
  121  9:17  Disruptor (Chrono Boost)  
  121  9:18  Pylon  
  121  9:21  Disruptor (Chrono Boost)  
  121  9:22  Probe  
  124  9:26  Probe  
  124  9:29  Photon Cannon  
  124  9:30  Protoss Ground Weapons Level 2 (Chrono Boost)  
  128  9:35  Probe x3  
  131  9:38  Assimilator  
  131  9:40  Assimilator  
  131  9:41  Gateway  
  131  9:44  Probe  
  132  9:46  Disruptor  
  132  9:47  Robotics Facility, Probe x2  
  132  9:49  Disruptor  
  132  9:51  Probe  
  141  10:01  Probe  
  141  10:03  Photon Cannon  
  141  10:05  Pylon  
  141  10:08  Probe  
  141  10:11  Probe  
  143  10:15  Stalker  
  143  10:16  Stalker  
  147  10:22  Nexus, Observer  
  147  10:23  Stalker x2, Pylon  
  147  10:25  Disruptor (Chrono Boost), Phoenix (Chrono Boost)  
  155  10:31  Stalker  
  149  10:43  Disruptor (Chrono Boost)  
  153  10:50  Nexus  
  153  10:51  Disruptor (Chrono Boost)  
  148  11:01  Observer (Chrono Boost), Stalker x2  
  148  11:02  Stalker  
  148  11:04  Probe x2  
  154  11:14  Probe  
  154  11:15  Photon Cannon  
  154  11:16  Probe  
  156  11:22  Probe  
  157  11:26  Disruptor  
  157  11:28  Disruptor  
  157  11:37  Pylon  
  157  11:38  Pylon  
  157  11:41  Fleet Beacon  
  157  11:51  Nexus  
  157  11:53  Pylon  
  157  11:55  Probe x3  
  157  11:59  Pylon  
  160  12:02  Shield Battery  
  160  12:05  Pylon  
  160  12:08  Probe x2  
  162  12:12  Stalker x2  
  162  12:13  Stalker  
  162  12:14  Zealot  
  170  12:23  Stalker x2  
  170  12:25  Stalker x2  
  178  12:33  Mothership (Chrono Boost)  
  184  12:37  Probe  
  184  12:41  Probe  
  184  12:43  Photon Cannon  
  182  12:44  Zealot x2, Photon Cannon  
  182  12:46  Pylon  
  182  12:50  Stalker x2  
  182  12:51  Stalker  
  188  13:07  Probe  
  184  13:25  Photon Cannon x2, Stalker x6  
  188  13:29  Shield Battery x2  
  188  13:33  Disruptor  
  186  13:46  Disruptor x2  
  190  13:51  Nexus  
  190  13:53  Photon Cannon  
  190  13:54  Tempest, Photon Cannon  
  190  13:56  Photon Cannon  
  190  13:57  Shield Battery  
  190  13:59  Shield Battery, Stargate  
  190  14:00  Stargate  
  190  14:03  Shield Battery  
  190  14:04  Shield Battery  
  190  14:08  Pylon  
  195  14:13  Stalker x2  
  199  14:22  Forge  
  199  14:23  Forge  
  197  14:34  Stalker  
  195  14:39  Zealot x2  
  194  14:47  Stalker  
  194  14:48  Stalker x3  
  193  15:00  Zealot x3  
  191  15:08  Tempest x2  
  193  15:21  Stalker x7  
  198  15:29  Photon Cannon  
  198  15:30  Photon Cannon  
  198  15:31  Protoss Ground Armor Level 1 (Chrono Boost)  
  198  15:32  Photon Cannon  
  192  15:44  Observer x2 (Chrono Boost)  
  193  15:51  Probe  
  193  15:52  Tempest  
  196  15:57  Assimilator  
  196  16:03  Assimilator  
  196  16:06  Photon Cannon, Pylon  
  196  16:08  Photon Cannon, Protoss Air Weapons Level 1 (Chrono Boost)  
  196  16:09  Photon Cannon  
  196  16:22  Gateway  
  196  16:24  Gateway  
  186  16:27  Tempest, Photon Cannon  
  186  16:28  Stalker x4  
  199  16:42  Photon Cannon  
  199  16:45  Photon Cannon  
  197  16:47  Zealot, Photon Cannon  
  197  16:48  Zealot  
  197  16:49  Photon Cannon  
  197  16:50  Photon Cannon  
  199  17:02  Photon Cannon  
  195  17:10  Stalker x2  
  199  17:25  Stalker x3  
  195  17:32  Observer  
  191  17:37  Stalker x4  
  191  17:39  Observer  
  189  18:08  Protoss Shields Level 1 (Chrono Boost)  
  189  18:09  Tempest x2  
  189  18:11  Assimilator  
  197  18:16  Twilight Council  
  197  18:17  Probe  
  198  18:21  Gateway  
  198  18:22  Cybernetics Core  
  198  18:30  Stalker  
  200  18:46  Zealot  
  200  18:47  Zealot x6  
  175  18:56  Stalker x2  
  156  19:07  Disruptor x3 (Chrono Boost)  
  156  19:08  Stalker x2  
  156  19:09  Stalker x5  
  169  19:19  Probe  
  169  19:20  Photon Cannon  
  169  19:21  Photon Cannon  
  169  19:23  Dark Shrine  
  170  19:34  Protoss Air Weapons Level 2  
  170  19:38  Disruptor x2 (Chrono Boost)  
  174  19:53  Stalker x7  
  186  20:03  Mothership  
  186  20:19  Disruptor  
  184  20:21  Zealot x2  
  184  20:24  Zealot x3  
  182  20:30  Disruptor (Chrono Boost)  
  171  20:37  Stalker x4  
  171  20:50  Stalker x5  
  178  21:12  Disruptor x2  
  176  21:34  Observer  
  176  21:37  Nexus  
  177  21:46  Dark Templar x3  
  183  21:48  Disruptor  
  183  21:51  Observer  
  183  21:52  Pylon  
  186  22:05  Disruptor  
  185  22:23  Dark Templar  
  185  22:24  Dark Templar x3  
  185  22:29  Disruptor  
  160  22:45  Disruptor  
  157  23:01  Stalker x3  
  157  23:02  Stalker  
  157  23:13  Disruptor  
  138  23:21  Dark Templar x3  
  138  23:25  Stalker  
  138  23:26  Stalker  
  141  23:34  Stalker x2  
  141  23:40  Zealot x2  
  121  23:56  Dark Templar x3  
  123  24:11  Assimilator  
  123  24:12  Assimilator  
  123  24:13  Observer  
  121  24:19  Observer  
  122  24:24  Photon Cannon  
  122  24:25  Pylon  
  120  24:52  Stalker x5  
Tags
 
Add a new tag
Caveats
  • Supply blocks, unpowered buildings, or Contaminate may cause inaccurate times.
  • Supply counts are checked every 10 seconds.